 Dungeon Crawl Stone Soup version 0.31-a0-700-gf13585253f (webtiles) character file.

Game seed: 2326089847815925247

544 qw the Shooter (level 7, -3/43 HPs)
             Began as a Gargoyle Hunter on Sept 7, 2023.
             Slain by a gnoll
             ... wielding a +0 spear
             ... led by a gnoll sergeant
              (5 damage)
             ... on level 5 of the Dungeon.
             The game lasted 00:01:17 (3410 turns).

qw the Shooter (Gargoyle Hunter)                    Turns: 3410, Time: 00:01:18

Health: -3/43      AC: 12    Str: 20    XL:     7   Next: 27%
Magic:  7/7        EV: 12    Int: 10    God:
Gold:   222        SH:  0    Dex: 15    Spells: 6/6 levels left

rFire   . . .        Y - +0 shortbow
rCold   + . .        (shield currently unavailable)
rNeg    + . .        l - +1 leather armour {rC+}
rPois   inf          b - +1 helmet
rElec   +            (no cloak)
rCorr   .            d - +0 pair of gloves
SInv    .            (no boots)
Will    .....        (no amulet)
Stlth   ++           g - +6 ring of strength
HPRegen 0.27/turn    (no ring)
MPRegen 0.10/turn

%: no passive effects
@: no status effects
A: sickness immunity, AC +4, negative energy resistance 1, electricity
resistance, torment resistance 1, petrification resistance
a: no special abilities


You were on level 5 of the Dungeon.
You visited 1 branch of the dungeon, and saw 5 of its levels.

You collected 222 gold pieces.


Innate Abilities, Weirdness & Mutations

You are immune to sickness and miasma.
Your stone body is resilient. (AC +4)
You are immune to poison.
You resist negative energy. (rN+)
You are resistant to electric shocks. (rElec)
You are resistant to unholy torment.
You are immune to petrification.


   Skills:
 - Level 4.0 Fighting
 - Level 7.0 Ranged Weapons
 - Level 3.3 Armour
 + Level 1.9 Dodging
 - Level 1.1 Stealth


You had 6 spell levels left.
You didn't know any spells.
Your spell library was empty.

Inventory:

Hand Weapons
 Y - a +0 shortbow (weapon)
Armour
 b - a +1 helmet (worn)
 d - a +0 pair of gloves (worn)
 l - a +1 leather armour of cold resistance (worn)
Jewellery
 g - a +6 ring of strength (left hand)
Scrolls
 a - a scroll of identify
 e - a scroll of noise {unknown}
 f - a scroll of blinking {unknown}
Potions
 c - a potion of enlightenment {unknown}
 h - a potion of cancellation
 i - a potion of curing {unknown}
 j - a potion of might
 k - a potion of ambrosia {unknown}

Dungeon Overview and Level Annotations

Branches:
Dungeon (5/15)
 Temple: D:4-7

Altars:


Message History

The orc wizard casts a spell.
The orc wizard flickers and vanishes!
Deactivating autopickup; reactivate with Ctrl-A.
The gnoll barely misses you.
A scorpion comes into view.
You shoot an arrow. The arrow barely misses the gnoll.
Something hits you but does no damage. The gnoll misses you.
You shoot an arrow.
The arrow hits the orc warrior but does no damage.
The gnoll hits you but does no damage. Something hits you but does no damage.
You shoot an arrow. The arrow hits the orc warrior!
The orc warrior is moderately wounded.
Something hits you. The gnoll closely misses you.
You shoot an arrow.
The arrow hits the orc warrior but does no damage.
The orc warrior is moderately wounded.
Something hits you but does no damage. The gnoll hits you but does no damage.
The orc warrior hits you with a +0 battleaxe.
You shoot an arrow.
The arrow barely misses the orc warrior.
The orc priest barely misses you.
The gnoll hits you from afar with a +0 spear.
Something hits you.
The orc warrior hits you but does no damage.
You shoot an arrow.
The arrow hits the orc warrior but does no damage.
The orc warrior is moderately wounded.
The orc priest mumbles some strange prayers to Beogh against you.
Beogh smites you! Something hits you but does no damage.
The gnoll hits you but does no damage.
The orc warrior hits you with a +0 battleaxe.
You shoot an arrow.
The arrow barely misses the orc warrior.
The orc priest hits you with a +0 hand axe.
The scorpion stings you but does no damage.
You hear some strange, mumbled words.
A puff of flame appears from out of thin air!
The puff of flame hits you.
The gnoll hits you from afar with a +0 spear.
You die...

...#+# #..... #.....
#..... #..... #.....
#.....
###+###########.....
#..@o.........#.....
#.s{o.......<.'.....
#....g........#.....
.#####'##+######.....
......................
.................#####
....g............#
.................#
..o...)..........+


You could see an orc warrior, a scorpion, an orc priest and a gnoll.

Vanquished Creatures
  An ice beast (D:3)
  A black bear (D:3)
  An ogre (D:4)
  A gnoll bouda (D:4)
  An iguana (D:4)
  Terence (D:2)
  2 adders
  11 gnolls
  3 dart slugs
  6 orcs
  3 ball pythons
  5 endoplasms
  4 giant cockroaches
  5 hobgoblins
  6 jackals (D:1)
  2 kobolds
  A quokka (D:3)
  5 bats
  4 frilled lizards
  10 goblins
  4 rats
77 creatures vanquished.

Notes
Turn   | Place    | Note
-------+----------+-------------------------------------------
     0 | D:1      | qw the Gargoyle Hunter began the quest for the Orb.
     0 | D:1      | Reached XP level 1. HP: 12/12 MP: 1/1
     0 | D:1      | 0 ||| qw: Version: 0.3-a-76-g4403597
     0 | D:1      | 0 ||| qw: Game counter: 528
     0 | D:1      | 0 ||| qw: Melee chars always use a shield: true
     0 | D:1      | 0 ||| qw: God list: Okawaru
     0 | D:1      | 0 ||| qw: Allow faded altars: false
     0 | D:1      | 0 ||| qw: Do Orc after clearing Dungeon:15 true
     0 | D:1      | 0 ||| qw: Do second Lair branch before Depths: true
     0 | D:1      | 0 ||| qw: Lair rune preference: random
     0 | D:1      | 0 ||| qw: Goals: Normal
     0 | D:1      | 0 ||| PLANNING D:1-11
   106 | D:1      | Reached XP level 2. HP: 17/17 MP: 2/2
   405 | D:1      | 405 ||| Stepping ~*~*~tactically~*~*~ (retreating).
   406 | D:1      | 406 ||| Stepping ~*~*~tactically~*~*~ (retreating).
   407 | D:1      | 407 ||| Stepping ~*~*~tactically~*~*~ (retreating).
   489 | D:1      | Reached XP level 3. HP: 21/21 MP: 3/3
   513 | D:1      | Found a faded altar of an unknown god.
   536 | D:1      | 536 ||| READING 4 scrolls labelled LOCUTY BUHY.
   537 | D:1      | 537 ||| READING scroll labelled HUFUAFRERU.
   552 | D:1      | 552 ||| READING 3 scrolls of identify.
   552 | D:1      | 552 ||| IDENTIFYING fuming green potion
   553 | D:1      | 553 ||| READING 2 scrolls of identify.
   553 | D:1      | 553 ||| IDENTIFYING green potion
   554 | D:1      | 554 ||| DROPPING scroll of butterflies.
   555 | D:1      | 555 ||| DROPPING potion of attraction.
   624 | D:2      | Reached skill level 5 in Ranged Weapons
   753 | D:2      | 753 ||| FLEEEEING.
   754 | D:2      | 754 ||| FLEEEEING.
   800 | D:2      | Noticed Terence
   807 | D:2      | Killed Terence
   808 | D:2      | Reached skill level 3 in Fighting
   808 | D:2      | Reached XP level 4. HP: 10/28 MP: 4/4
  1328 | D:2      | 1328 ||| UPGRADING to +1 helmet.
  1333 | D:2      | 1333 ||| UPGRADING to +0 ring mail.
  1343 | D:2      | 1343 ||| DROPPING +0 leather armour.
  1344 | D:2      | 1344 ||| READING scroll labelled COJUIBR OFAYK.
  1345 | D:2      | 1345 ||| READING 2 scrolls of identify.
  1345 | D:2      | 1345 ||| IDENTIFYING silvery potion
  1631 | D:3      | Noticed an ice beast
  1651 | D:3      | Killed an ice beast
  1652 | D:3      | Reached skill level 3 in Armour
  1652 | D:3      | Reached XP level 5. HP: 31/32 MP: 5/5
  1742 | D:3      | Noticed a black bear
  1750 | D:3      | HP: 7/32 [black bear (2)]
  1751 | D:3      | 1751 ||| DRINKING potion of heal wounds.
  1753 | D:3      | Killed a black bear
  1754 | D:3      | Reached XP level 6. HP: 6/37 MP: 6/6
  2486 | D:3      | 2486 ||| UPGRADING to +0 pair of gloves.
  2491 | D:3      | 2491 ||| DROPPING +6 ring of intelligence.
  2492 | D:3      | 2492 ||| UPGRADING to +6 ring of strength.
  2493 | D:3      | 2493 ||| DRINKING 2 sedimented inky potions.
  2523 | D:4      | 2523 ||| STAIRDANCE
  2573 | D:4      | Reached skill level 6 in Ranged Weapons
  2829 | D:4      | Reached XP level 7. HP: 43/43 MP: 7/7
  2905 | D:4      | 2905 ||| Stepping ~*~*~tactically~*~*~ (outnumbered).
  2906 | D:4      | 2906 ||| Stepping ~*~*~tactically~*~*~ (outnumbered).
  2907 | D:4      | 2907 ||| Stepping ~*~*~tactically~*~*~ (outnumbered).
  2912 | D:4      | 2912 ||| Stepping ~*~*~tactically~*~*~ (retreating).
  2938 | D:4      | 2938 ||| FLEEEEING.
  2999 | D:4      | Reached skill level 7 in Ranged Weapons
  3329 | D:4      | 3329 ||| UPGRADING to +1 leather armour of cold resistance.
  3339 | D:4      | 3339 ||| DROPPING +0 ring mail.
  3340 | D:4      | 3340 ||| READING 2 scrolls labelled UDAMIO HEPRUNU.
  3341 | D:4      | 3341 ||| READING 2 scrolls of identify.
  3341 | D:4      | 3341 ||| IDENTIFYING ruby potion
  3342 | D:4      | 3342 ||| DROPPING potion of invisibility.
  3343 | D:4      | 3343 ||| DROPPING scroll of immolation.
  3352 | D:5      | Entered Level 5 of the Dungeon
  3389 | D:5      | 3389 ||| Stepping ~*~*~tactically~*~*~ (outnumbered).
  3409 | D:5      | HP: 9/43 [orc priest/divine providence (12)]
  3409 | D:5      | HP: 4/43 [orc warrior/+0 battleaxe (5)]
  3410 | D:5      | Slain by a gnoll

Levels and vault maps discovered:
D:1:      ebering_trefoil_twist, layout_loops_ring,
          shapermc_ecumenical_altar_mp_urbaneastern
D:2:      layout_basic, uniq_terence
D:3:      layout_basic, kennysheep_boxes
D:4:      layout_loops_ring
D:5:      layout_gridville, nicolae_overflow_hidden_temple, serial_shops,
          nicolae_shop_back_alley_shop, chequers_serial_rivers_micro_e

Skill      XL: |  1  2  3  4  5  6  7 |
---------------+----------------------+-----
Ranged Weapons | 5 6 7 |  7.0
Fighting       | 3 4 |  4.0
Armour         | 3 |  3.3
Dodging        | |  1.9
Stealth        | |  1.1

Action                     |  1- 3 |  4- 6 |  7- 9 || total
---------------------------+-------+-------+-------++-------
   Fire: Shortbow          |    76 |   134 |    83 ||   293
    Use: Scroll            |     4 |     2 |     2 ||     8
         Potion            |       |     2 |       ||     2
 Armour: Leather armour    |    21 |     1 |    25 ||    47
         Ring mail         |       |    53 |    38 ||    91
  Dodge: Dodged            |    17 |    59 |    40 ||   116

Table legend:
 A = Non-vault XP
 B = Vault XP
 C = Vault XP percentage of total XP
 D = Non-vault monster count
 E = Vault monster count
 F = Vault count percentage of total count
                 A         B        C        D         E       F
            +---------+---------+-------+---------+---------+-------
      Total |     742 |      36 |   4.6 |      76 |       1 |   1.3
            +---------+---------+-------+---------+---------+-------
        D:1 |      38 |       0 |   0.0 |      22 |       0 |   0.0
        D:2 |      33 |      36 |  52.2 |      10 |       1 |   9.1
        D:3 |     279 |       0 |   0.0 |      17 |       0 |   0.0
        D:4 |     349 |       0 |   0.0 |      23 |       0 |   0.0
        D:5 |      43 |       0 |   0.0 |       4 |       0 |   0.0
            +---------+---------+-------+---------+---------+-------
